 Dungeon Crawl Stone Soup version 0.30.1-4-g462c640d31 (webtiles) character file.

Game seed: 9114642029927072071

70 boopmooplesden the Covered (level 4, -1/40 HPs)
             Began as an Armataur Fighter on Sept 17, 2023.
             Killed from afar by Ijyb (9 damage)
             ... with a puff of flame
             ... on level 3 of the Dungeon.
             The game lasted 00:02:08 (1886 turns).

boopmooplesden the Covered (Armataur Fighter)       Turns: 1886, Time: 00:02:09

Health: -1/40      AC:  7    Str: 21    XL:     4   Next: 4%
Magic:  4/4        EV:  8    Int:  9    God:
Gold:   60         SH:  4    Dex: 11    Spells: 3/3 levels left

rFire   . . .        a - +0 long sword
rCold   . . .        c - +0 buckler
rNeg    . . .        m - +2 leather armour of a sewer {Contam Harm Will+}
rPois   .            (no helmet)
rElec   .            (no cloak)
rCorr   .            (no gloves)
SInv    .            (no barding)
Will    +....        (no amulet)
Stlth   +            (no ring)
HPRegen 0.26/turn    (no ring)
MPRegen 0.09/turn

%: harm (+30% outgoing, +20% incoming), roll
@: no status effects
A: large, rugged brown scales 3, deformed body, armoured tail, roll, long
tongue, awkward tongue
a: no special abilities


You were on level 3 of the Dungeon.
You visited 1 branch of the dungeon, and saw 3 of its levels.

You collected 60 gold pieces.

Inventory:

Hand Weapons
 a - a +0 long sword (weapon)
Armour
 b - a +0 scale mail
 c - a +0 buckler (worn)
 m - the +2 leather armour of a sewer (worn) {Contam Harm Will+}
   (You found it on level 2 of the Dungeon)

   Contam:    It causes magical contamination when unequipped.
   Harm:      It increases damage dealt and taken.
   Will:      It increases your willpower.
Jewellery
 h - a ring of resist corrosion
 k - a ring of poison resistance
Scrolls
 e - a scroll of identify
Potions
 d - 2 potions of might
 f - a potion of ambrosia
 g - a potion of curing {unknown}
 i - a potion of resistance {unknown}
 j - a potion of mutation {unknown}
 l - 2 potions of attraction {unknown}


   Skills:
 + Level 3.0 Fighting
 + Level 2.6 Long Blades
 + Level 4.4 Armour
 + Level 0.1 Dodging
 + Level 0.1 Stealth
 + Level 3.8 Shields


You had 3 spell levels left.
You didn't know any spells.
Your spell library was empty.

Dungeon Overview and Level Annotations

Branches:
Dungeon (3/15)

Altars:

Annotations:
D:3 Ijyb


Innate Abilities, Weirdness & Mutations

You are completely covered in rugged brown scales. (AC +3, +7% HP)
Armour fits poorly on your strangely shaped body.
You have a long armoured tail.
You roll when moving toward enemies. (Rampage)
Your long tongue fully drains potion bottles. (2x potion effects)
Your tongue gives you trouble enunciating. (1.5x scroll delay)


Message History

Found 5 stones.
Found a stone staircase leading down.
You now have 60 gold pieces (gained 12).
There is a stone staircase leading down here.
k - a ring of poison resistance You see here 5 stones.
A rat comes into view.
You roll towards the rat!
Ijyb the Twisted Goblin comes into view.
She is wielding a +0 club and carrying a wand of flame (24).
Ijyb shouts!
The rat barely misses you.
You closely miss the rat. Ijyb hits you with a +0 club. The rat bites you.
You closely miss the rat.
You tail-slap the rat, but do no damage.
Ijyb zaps a wand.
The puff of flame hits you! The rat bites you.
You slash the rat!
You kill the rat!
Ijyb zaps a wand.
The puff of flame hits you. You block Ijyb's attack.
You see here a rat corpse.
You closely miss Ijyb. Ijyb hits you with a +0 club.
Ijyb hits you but does no damage.
You closely miss Ijyb. You block Ijyb's attack.
You hit Ijyb but do no damage. You tail-slap Ijyb!
Ijyb is heavily wounded.
Ijyb hits you but does no damage.
You hit Ijyb but do no damage.
Ijyb is heavily wounded.
Ijyb closely misses you. x2
You slash Ijyb!
Ijyb is almost dead.
Ijyb zaps a wand.
The puff of flame hits you.
You hit Ijyb but do no damage.
Ijyb is almost dead.
Ijyb zaps a wand.
The puff of flame hits you!
* * * LOW HITPOINT WARNING * * *
You closely miss Ijyb.
Ijyb is almost dead.
Ijyb closely misses you.
Ijyb zaps a wand.
The puff of flame hits you!
You die...

#.##.#<.#.###.###.##
##...#. #.#.....#.##
#.# #####.
#.##.###.## #.# ## #.
#.# ### #.#
#.##.#########.##
..............(.#
##### #.
#......###..#####....
#.....#.##...........
#...@g.###...####...>
#.....###.....# #####
####### ##...## ##.##
#.# #.# #.# #.


You could see Ijyb.

Vanquished Creatures
  An adder (D:2)
  A worm (D:2)
  2 dart slugs (D:2)
  4 bats
  3 endoplasms
  3 giant cockroaches
  7 goblins
  3 hobgoblins
  6 jackals
  6 kobolds
  3 ball pythons
  4 frilled lizards
  7 rats
50 creatures vanquished.

Notes
Turn   | Place    | Note
-------+----------+-------------------------------------------
     0 | D:1      | boopmooplesden the Armataur Fighter began the quest for the
                  | Orb.
     0 | D:1      | Reached XP level 1. HP: 19/19 MP: 1/1
   223 | D:1      | Reached XP level 2. HP: 26/26 MP: 2/2
   547 | D:1      | Reached skill level 4 in Armour
   979 | D:2      | Reached XP level 3. HP: 31/32 MP: 3/3
  1429 | D:2      | Identified the +2 leather armour of a sewer {Contam Harm
                  | Will+}
  1609 | D:2      | Reached XP level 4. HP: 40/40 MP: 4/4
  1875 | D:3      | Noticed Ijyb
  1886 | D:3      | Killed from afar by Ijyb

Illustrated notes

Levels and vault maps discovered:
D:1:      psy_arrival_statuary, layout_basic
D:2:      layout_loops_ring
D:3:      layout_loops_cross, nicolae_sif_muna_condensation, minivault_5,
          uniq_robin, uniq_ijyb

Skill      XL: |  1  2  3 |
---------------+----------+-----
Long Blades    | 2 |  2.6
Armour         | 4 |  4.4
Fighting       | 3 |  3.0
Dodging        | |  0.1
Stealth        | |  0.1
Shields        | |  3.8

Action                     |  1- 3 |  4- 6 || total
---------------------------+-------+-------++-------
  Melee: Long sword        |   153 |    23 ||   176
         Tailslap          |     7 |     2 ||     9
    Use: Scroll            |     2 |     1 ||     3
   Stab: Sleeping          |     1 |       ||     1
 Armour: Scale mail        |    97 |       ||    97
         Leather armour    |     2 |     2 ||     4
  Dodge: Dodged            |    60 |    11 ||    71
  Block: Buckler           |    30 |     6 ||    36
